| TOP OF THE 1ST |
|
Bristol Pirates batting - Pitching for Chicago (APP) Cubs : RHP Masato Iwase
|
|
Pitching: RHP Masato Iwase
|
|
|
Batting: RHB Melvin Durland
|
0-0: Ball 1-0: Ball 2-0: TRIPLE (Groundball, 5L, EV 105.6 MPH)
|
|
Batting: RHB Alex Arzate
|
0-0: Ball 1-0: 2-RUN HOME RUN (Flyball, 8RXD, EV 116.2 MPH), Distance : 466 ft
|
|
Batting: LHB Josh Aerni
|
0-0: Ball 1-0: Foul Ball, location: 2F 1-1: Foul Ball, location: 2F 1-2: Hit by Pitch
|
|
Batting: RHB Ricky Alvarado
|
0-0: 2-RUN HOME RUN (Flyball, 7D, EV 98.8 MPH), Distance : 389 ft
|
|
Batting: RHB Steve Terres
|
0-0: Ball 1-0: Ball 2-0: Called Strike 2-1: Ball 3-1: Base on Balls
|
|
Batting: RHB Chris Arroyo
|
0-0: Foul Ball, location: 2F 0-1: Ball 1-1: Foul Ball, location: 2F 1-2: Strikes out looking
|
|
Batting: RHB Ryan LeSueur
|
0-0: Called Strike 0-1: Ball 1-1: Ball 2-1: Ball 3-1: Base on Balls Steve Terres to second
|
|
Batting: RHB Hidesuke Yoshida
|
0-0: Swinging Strike 0-1: Swinging Strike 0-2: Ball 1-2: Strikes out swinging
|
|
Batting: SHB Juan Ayala
|
0-0: Called Strike 0-1: Ball 1-1: 3-RUN HOME RUN (Flyball, 9D, EV 95.6 MPH), Distance : 394 ft
|
|
Batting: RHB Melvin Durland
|
0-0: Ball 1-0: SINGLE (Flyball, 4MD, EV 85.6 MPH)
|
|
Batting: RHB Alex Arzate
|
0-0: Ground out 4-3 (Groundball, 13, EV 86.9 MPH)
|
| Top of the 1st over - 7 runs, 5 hits, 0 errors, 1 left on base; Bristol 7 - Chicago (APP) 0 |
| BOTTOM OF THE 1ST |
|
Chicago (APP) Cubs batting - Pitching for Bristol Pirates : RHP Andres Guillen
|
|
Pitching: RHP Andres Guillen
|
|
|
Batting: SHB Jim Lloyd
|
0-0: Fly out, F9 (Line Drive, 89D, EV 90.0 MPH)
|
|
Batting: RHB Lencho Otieno
|
0-0: Ball 1-0: Foul Ball, location: 2F 1-1: Ball 2-1: Foul Ball, location: 2F 2-2: Strikes out swinging
|
|
Batting: RHB Mike Stein
|
0-0: Ball 1-0: Called Strike 1-1: Foul Ball, location: 2F 1-2: Ball 2-2: Fly out, F7 (Line Drive, 7S, EV 100.0 MPH)
|
| Bottom of the 1st over - 0 runs, 0 hits, 0 errors, 0 left on base; Bristol 7 - Chicago (APP) 0 |
| TOP OF THE 2ND |
|
Bristol Pirates batting - Pitching for Chicago (APP) Cubs : RHP Masato Iwase
|
|
Batting: LHB Josh Aerni
|
0-0: SOLO HOME RUN (Flyball, 89XD, EV 98.1 MPH) (Inside the Park)
|
|
Pitching: RHP Andy Baumhardt
|
|
|
Batting: RHB Ricky Alvarado
|
0-0: Ball 1-0: Fly out, F4 (Popup, 4M, EV 76.2 MPH)
|
|
Batting: RHB Steve Terres
|
0-0: Called Strike 0-1: Ball 1-1: Fly out, F8 (Flyball, 89D, EV 87.5 MPH)
|
|
Batting: RHB Chris Arroyo
|
0-0: Called Strike 0-1: Foul Ball, location: 2F 0-2: Foul Ball, location: 2F 0-2: Ball 1-2: Fly out, F7 (Flyball, 7S, EV 78.8 MPH)
|
| Top of the 2nd over - 1 run, 1 hit, 0 errors, 0 left on base; Bristol 8 - Chicago (APP) 0 |
| BOTTOM OF THE 2ND |
|
Chicago (APP) Cubs batting - Pitching for Bristol Pirates : RHP Andres Guillen
|
|
Batting: RHB Bartolo Aguilar
|
0-0: Ball 1-0: Ball 2-0: Ball 3-0: Called Strike 3-1: Base on Balls
|
|
Batting: RHB T.J. Garrison
|
0-0: Swinging Strike 0-1: Swinging Strike 0-2: Foul Ball, location: 2F 0-2: Ball 1-2: Ball 2-2: Foul Ball, location: 2F 2-2: Foul Ball, location: 2F 2-2: Ball 3-2: Fielders Choice at 2nd, 6-4 (Groundball, 6D, EV 100.6 MPH)
|
|
Batting: RHB Dustin Goldsborough
|
0-0: Ball 1-0: Swinging Strike 1-1: Foul Ball, location: 2F 1-2: Strikes out swinging
|
|
Batting: LHB Jose Mafano
|
0-0: Called Strike 0-1: Called Strike 0-2: Ball 1-2: Ball 2-2: Reached on error, E4 (Groundball, 4, EV 86.2 MPH) T.J. Garrison to second
|
|
Batting: RHB Juan Lira
|
0-0: Called Strike 0-1: Fielders Choice at 2nd, 5-4 (Groundball, 56, EV 81.9 MPH)
|
| Bottom of the 2nd over - 0 runs, 0 hits, 1 error, 2 left on base; Bristol 8 - Chicago (APP) 0 |
| TOP OF THE 3RD |
|
Bristol Pirates batting - Pitching for Chicago (APP) Cubs : RHP Andy Baumhardt
|
|
Batting: RHB Ryan LeSueur
|
0-0: Ball 1-0: Fly out, F8 (Flyball, 8RM, EV 90.6 MPH)
|
|
Batting: RHB Hidesuke Yoshida
|
0-0: Ball 1-0: SINGLE (Groundball, 25, EV 70.0 MPH) (infield hit)
|
|
Batting: SHB Juan Ayala
|
0-0: Called Strike 0-1: Called Strike 0-2: Strikes out looking
|
|
Batting: RHB Melvin Durland
|
0-0: Foul Ball, location: 2F 0-1: Called Strike 0-2: Fly out, F4 (Popup, 34, EV 63.8 MPH)
|
| Top of the 3rd over - 0 runs, 1 hit, 0 errors, 1 left on base; Bristol 8 - Chicago (APP) 0 |
| BOTTOM OF THE 3RD |
|
Chicago (APP) Cubs batting - Pitching for Bristol Pirates : RHP Andres Guillen
|
|
Batting: RHB Jorge Gonzalez
|
0-0: Ball 1-0: Foul Ball, location: 2F 1-1: Ball 2-1: Called Strike 2-2: Foul Ball, location: 2F 2-2: Strikes out swinging
|
|
Batting: SHB Jim Lloyd
|
0-0: Called Strike 0-1: Called Strike 0-2: Ball 1-2: Ball 2-2: Fly out, F9 (Flyball, 9D, EV 91.9 MPH)
|
|
Batting: RHB Lencho Otieno
|
0-0: Ball 1-0: Ball 2-0: Foul Ball, location: 2F 2-1: Ball 3-1: Foul Ball, location: 2F 3-2: Strikes out swinging
|
| Bottom of the 3rd over - 0 runs, 0 hits, 0 errors, 0 left on base; Bristol 8 - Chicago (APP) 0 |
| TOP OF THE 4TH |
|
Bristol Pirates batting - Pitching for Chicago (APP) Cubs : RHP Andy Baumhardt
|
|
Batting: RHB Alex Arzate
|
0-0: Foul Ball, location: 2F 0-1: Foul Ball, location: 2F 0-2: Ground out 5-3 (Groundball, 56, EV 101.9 MPH)
|
|
Batting: LHB Josh Aerni
|
0-0: SOLO HOME RUN (Line Drive, 9D, EV 106.2 MPH), Distance : 395 ft
|
|
Batting: RHB Ricky Alvarado
|
0-0: SINGLE (Groundball, 6MD, EV 105.0 MPH)
|
|
Batting: RHB Steve Terres
|
0-0: Foul Ball, location: 2F 0-1: Called Strike 0-2: Foul Ball, location: 2F 0-2: Ball 1-2: Ball 2-2: Ball 3-2: Base on Balls Ricky Alvarado to second
|
|
Batting: RHB Chris Arroyo
|
0-0: Ball 1-0: Foul Ball, location: 2F 1-1: Ball 2-1: Called Strike 2-2: Ball 3-2: 3-RUN HOME RUN (Flyball, 7D, EV 98.1 MPH), Distance : 377 ft
|
|
Pitching: RHP Andy Villarreal
|
|
|
Batting: RHB Ryan LeSueur
|
0-0: Called Strike 0-1: Ball 1-1: Called Strike 1-2: Strikes out swinging
|
|
Batting: RHB Hidesuke Yoshida
|
0-0: Called Strike 0-1: Fly out, F9 (Flyball, 9, EV 71.2 MPH)
|
| Top of the 4th over - 4 runs, 3 hits, 0 errors, 0 left on base; Bristol 12 - Chicago (APP) 0 |
| BOTTOM OF THE 4TH |
|
Chicago (APP) Cubs batting - Pitching for Bristol Pirates : RHP Andres Guillen
|
|
Batting: RHB Mike Stein
|
0-0: Called Strike 0-1: Ball 1-1: SINGLE (Groundball, 56D, EV 103.8 MPH)
|
|
Batting: RHB Bartolo Aguilar
|
0-0: Foul Ball, location: 2F 0-1: Called Strike 0-2: Fielders Choice at 2nd, 6-4 (Groundball, 6, EV 81.9 MPH)
|
|
Batting: RHB T.J. Garrison
|
0-0: Ball 1-0: Grounds into double play, 6-4-3 (Groundball, 6, EV 105.6 MPH)
|
| Bottom of the 4th over - 0 runs, 1 hit, 0 errors, 0 left on base; Bristol 12 - Chicago (APP) 0 |
| TOP OF THE 5TH |
|
Bristol Pirates batting - Pitching for Chicago (APP) Cubs : RHP Andy Villarreal
|
|
Batting: SHB Juan Ayala
|
0-0: Swinging Strike 0-1: SINGLE (Groundball, 4MD, EV 97.5 MPH)
|
|
Batting: RHB Melvin Durland
|
0-0: Called Strike 0-1: Called Strike 0-2: Ball 1-2: Ball 2-2: Ball 3-2: Fielders Choice at 2nd, 5-4 (Groundball, 56S, EV 87.5 MPH)
|
|
Batting: RHB Alex Arzate
|
0-0: Swinging Strike 0-1: 2-RUN HOME RUN (Flyball, 78XD, EV 115.6 MPH), Distance : 446 ft
|
|
Batting: LHB Josh Aerni
|
0-0: Called Strike 0-1: Ball 1-1: Swinging Strike 1-2: Ball 2-2: Ball 3-2: Strikes out swinging
|
|
Batting: RHB Ricky Alvarado
|
0-0: Foul Ball, location: 2F 0-1: Ball 1-1: SOLO HOME RUN (Flyball, 7D, EV 100.0 MPH), Distance : 379 ft
|
|
Batting: RHB Steve Terres
|
0-0: Ball 1-0: Ball 2-0: Ball 3-0: Called Strike 3-1: Base on Balls
|
|
Batting: RHB Chris Arroyo
|
0-0: Ball 1-0: Ball 2-0: Ball 3-0: Called Strike 3-1: Swinging Strike 3-2: SINGLE (Groundball, 4MD, EV 95.6 MPH) Steve Terres to second Steve Terres to third
|
|
Batting: RHB Ryan LeSueur
|
0-0: Ball 1-0: Ball 2-0: Called Strike 2-1: Ball 3-1: Swinging Strike 3-2: Strikes out swinging
|
| Top of the 5th over - 3 runs, 4 hits, 0 errors, 2 left on base; Bristol 15 - Chicago (APP) 0 |
| BOTTOM OF THE 5TH |
|
Chicago (APP) Cubs batting - Pitching for Bristol Pirates : RHP Andres Guillen
|
|
Batting: RHB Dustin Goldsborough
|
0-0: Foul Ball, location: 2F 0-1: Fly out, F7 (Flyball, 7LD, EV 88.8 MPH)
|
|
Batting: LHB Jose Mafano
|
0-0: Ball 1-0: Swinging Strike 1-1: Ball 2-1: Called Strike 2-2: SOLO HOME RUN (Line Drive, 89XD, EV 101.2 MPH) (Inside the Park)
|
|
Batting: RHB Juan Lira
|
0-0: Called Strike 0-1: Fly out, F3 (Line Drive, 3, EV 65.6 MPH)
|
|
Batting: RHB Jorge Gonzalez
|
0-0: Fly out, F8 (Flyball, 89S, EV 94.4 MPH)
|
| Bottom of the 5th over - 1 run, 1 hit, 0 errors, 0 left on base; Bristol 15 - Chicago (APP) 1 |
| TOP OF THE 6TH |
|
Bristol Pirates batting - Pitching for Chicago (APP) Cubs : RHP Andy Villarreal
|
|
Pitching: RHP Victor Ramirez
|
|
|
Batting: RHB Hidesuke Yoshida
|
0-0: Foul Ball, location: 2F 0-1: Ball 1-1: Ground out 5-3 (Groundball, 56, EV 103.1 MPH)
|
|
Batting: SHB Juan Ayala
|
0-0: Swinging Strike 0-1: Swinging Strike 0-2: Ball 1-2: Foul Ball, location: 2F 1-2: Ball 2-2: Ball 3-2: Base on Balls
|
|
Batting: RHB Melvin Durland
|
0-0: Called Strike 0-1: Foul Ball, location: 2F 0-2: Ball 1-2: Ball 2-2: Ball 3-2: Base on Balls Juan Ayala to second
|
|
Batting: RHB Alex Arzate
|
0-0: Ball 1-0: SINGLE (Groundball, 56, EV 88.8 MPH) (infield hit) Juan Ayala to third Melvin Durland to second
|
|
Batting: LHB Josh Aerni
|
0-0: Ball 1-0: Ball 2-0: Ball 3-0: Called Strike 3-1: Foul Ball, location: 2F 3-2: Base on Balls Juan Ayala scores Melvin Durland to third Alex Arzate to second
|
|
Pitching: RHP Bobby Almonte
|
|
|
Batting: RHB Ricky Alvarado
|
0-0: SINGLE (Groundball, 25, EV 70.6 MPH) (infield hit) Melvin Durland scores Alex Arzate to third Josh Aerni to second
|
|
Batting: RHB Steve Terres
|
0-0: Called Strike 0-1: Ball 1-1: Foul Ball, location: 2F 1-2: SINGLE (Line Drive, 56D, EV 98.1 MPH) Alex Arzate scores Josh Aerni to third Ricky Alvarado to second
|
|
Batting: RHB Chris Arroyo
|
0-0: Called Strike 0-1: Foul Ball, location: 2F 0-2: Strikes out swinging
|
|
Batting: RHB Ryan LeSueur
|
0-0: Called Strike 0-1: Ball 1-1: Fly out, F8 (Flyball, 8RM, EV 88.1 MPH)
|
| Top of the 6th over - 3 runs, 3 hits, 0 errors, 3 left on base; Bristol 18 - Chicago (APP) 1 |
| BOTTOM OF THE 6TH |
|
Chicago (APP) Cubs batting - Pitching for Bristol Pirates : RHP Andres Guillen
|
|
Batting: SHB Jim Lloyd
|
0-0: Ball 1-0: DOUBLE (Line Drive, 5D, EV 97.5 MPH)
|
|
Batting: RHB Lencho Otieno
|
0-0: Foul Ball, location: 2F 0-1: Fly out, F8 (Line Drive, 8RM, EV 101.2 MPH)
|
|
Batting: RHB Mike Stein
|
0-0: Ball 1-0: SINGLE (Groundball, 34D, EV 108.8 MPH) Jim Lloyd to third Runner from 3rd tries for Home, SAFE, throw by RF to home Mike Stein to second
|
|
Batting: RHB Bartolo Aguilar
|
0-0: Ball 1-0: Foul Ball, location: 2F 1-1: Foul Ball, location: 2F 1-2: Foul Ball, location: 2F 1-2: Foul Ball, location: 2F 1-2: Foul Ball, location: 2F 1-2: Ball 2-2: Ball 3-2: Reached on error, E1 (Groundball, 15S, EV 72.5 MPH) Mike Stein to third
|
|
Batting: RHB T.J. Garrison
|
0-0: Ball 1-0: Ball 2-0: Ball 3-0: Called Strike 3-1: Base on Balls Bartolo Aguilar to second
|
|
Batting: RHB Dustin Goldsborough
|
0-0: Ball 1-0: Ball 2-0: Called Strike 2-1: Foul Ball, location: 2F 2-2: Ball 3-2: Base on Balls Mike Stein scores Bartolo Aguilar to third T.J. Garrison to second
|
|
Pitching: RHP Randy Nelligan
|
|
|
Batting: LHB Jose Mafano
|
0-0: Swinging Strike 0-1: Called Strike 0-2: Fly out, F8 (Flyball, 8RD, EV 85.0 MPH) Runner from 3rd tags up, OUT at HOME! 8-2
|
| Bottom of the 6th over - 2 runs, 2 hits, 1 error, 2 left on base; Bristol 18 - Chicago (APP) 3 |
| TOP OF THE 7TH |
|
Bristol Pirates batting - Pitching for Chicago (APP) Cubs : RHP Bobby Almonte
|
|
Batting: RHB Hidesuke Yoshida
|
0-0: Ground out 4-3 (Groundball, 34, EV 111.2 MPH)
|
|
Batting: SHB Juan Ayala
|
0-0: Called Strike 0-1: Called Strike 0-2: Ball 1-2: SINGLE (Groundball, 4D, EV 95.0 MPH)
|
|
Pinch Hitting: RHB Randy Bergman
|
0-0: Ball 1-0: Ball 2-0: Foul Ball, location: 2F 2-1: Called Strike 2-2: Foul Ball, location: 2F 2-2: Foul Ball, location: 2F 2-2: Foul Ball, location: 2F 2-2: Foul Ball, location: 2F 2-2: Foul Ball, location: 2F 2-2: Ball 3-2: Base on Balls Juan Ayala to second
|
|
Batting: RHB Alex Arzate
|
0-0: Ball 1-0: Ball 2-0: Ball 3-0: Called Strike 3-1: Base on Balls Juan Ayala to third Randy Bergman to second
|
|
Batting: LHB Josh Aerni
|
0-0: Ball 1-0: Foul Ball, location: 2F 1-1: Ball 2-1: Ball 3-1: Base on Balls Juan Ayala scores Randy Bergman to third Alex Arzate to second
|
|
Batting: RHB Ricky Alvarado
|
0-0: Ball 1-0: Ball 2-0: Ball 3-0: Base on Balls Randy Bergman scores Alex Arzate to third Josh Aerni to second
|
|
Batting: RHB Steve Terres
|
0-0: Ball 1-0: Ball 2-0: Ball 3-0: Called Strike 3-1: Base on Balls Alex Arzate scores Josh Aerni to third Ricky Alvarado to second
|
|
Batting: RHB Chris Arroyo
|
0-0: Ball 1-0: Ball 2-0: Ball 3-0: Base on Balls Josh Aerni scores Ricky Alvarado to third Steve Terres to second
|
|
Batting: RHB Ryan LeSueur
|
0-0: Swinging Strike 0-1: Ball 1-1: Foul Ball, location: 2F 1-2: Fly out, F7 (Flyball, 7LM, EV 81.9 MPH) Runner from 3rd tags up, SCORES, throw by LF Steve Terres to third
|
|
Batting: RHB Hidesuke Yoshida
|
0-0: Ball 1-0: Called Strike 1-1: Ball 2-1: Ground out 5-3 (Groundball, 5S, EV 85.6 MPH)
|
| Top of the 7th over - 5 runs, 1 hit, 0 errors, 2 left on base; Bristol 23 - Chicago (APP) 3 |
| BOTTOM OF THE 7TH |
|
Chicago (APP) Cubs batting - Pitching for Bristol Pirates : RHP Randy Nelligan
|
|
Now in LF: Randy Bergman
|
|
|
Batting: RHB Juan Lira
|
0-0: Called Strike 0-1: Called Strike 0-2: Strikes out swinging
|
|
Batting: RHB Jorge Gonzalez
|
0-0: Ball 1-0: Foul Ball, location: 2F 1-1: Called Strike 1-2: Strikes out swinging
|
|
Batting: SHB Jim Lloyd
|
0-0: Ball 1-0: Foul Ball, location: 2F 1-1: Called Strike 1-2: Foul Ball, location: 2F 1-2: Ball 2-2: Strikes out swinging
|
| Bottom of the 7th over - 0 runs, 0 hits, 0 errors, 0 left on base; Bristol 23 - Chicago (APP) 3 |
| TOP OF THE 8TH |
|
Bristol Pirates batting - Pitching for Chicago (APP) Cubs : RHP Bobby Almonte
|
|
Batting: SHB Juan Ayala
|
0-0: Called Strike 0-1: Ground out U3 (Groundball, 3, EV 89.4 MPH)
|
|
Batting: RHB Randy Bergman
|
0-0: Foul Ball, location: 2F 0-1: Called Strike 0-2: Ball 1-2: SOLO HOME RUN (Flyball, 7LD, EV 97.5 MPH), Distance : 350 ft
|
|
Batting: RHB Alex Arzate
|
0-0: Ball 1-0: Ball 2-0: Swinging Strike 2-1: Foul Ball, location: 2F 2-2: Ball 3-2: Base on Balls
|
|
Batting: LHB Josh Aerni
|
0-0: Fielders Choice at 2nd, 5-4 (Groundball, 5, EV 76.2 MPH)
|
|
Batting: RHB Ricky Alvarado
|
0-0: Called Strike 0-1: Ball 1-1: Fly out, F8 (Flyball, 89S, EV 92.5 MPH)
|
| Top of the 8th over - 1 run, 1 hit, 0 errors, 1 left on base; Bristol 24 - Chicago (APP) 3 |
| BOTTOM OF THE 8TH |
|
Chicago (APP) Cubs batting - Pitching for Bristol Pirates : RHP Randy Nelligan
|
|
Batting: RHB Lencho Otieno
|
0-0: Ball 1-0: Ball 2-0: Reached on error, E4 (Groundball, 4M, EV 97.5 MPH)
|
|
Batting: RHB Mike Stein
|
0-0: Foul Ball, location: 2F 0-1: Called Strike 0-2: Strikes out swinging
|
|
Batting: RHB Bartolo Aguilar
|
0-0: Ball 1-0: Ball 2-0: Foul Ball, location: 2F 2-1: Ball 3-1: Called Strike 3-2: Foul Ball, location: 2F 3-2: Foul Ball, location: 2F 3-2: Base on Balls Lencho Otieno to second
|
|
Batting: RHB T.J. Garrison
|
0-0: Foul Ball, location: 2F 0-1: Foul Ball, location: 2F 0-2: Strikes out swinging
|
|
Batting: RHB Dustin Goldsborough
|
0-0: Foul Ball, location: 2F 0-1: Foul Ball, location: 2F 0-2: Ball 1-2: Fly out, F8 (Flyball, 8RM, EV 86.2 MPH)
|
| Bottom of the 8th over - 0 runs, 0 hits, 1 error, 2 left on base; Bristol 24 - Chicago (APP) 3 |
| TOP OF THE 9TH |
|
Bristol Pirates batting - Pitching for Chicago (APP) Cubs : RHP Bobby Almonte
|
|
Batting: RHB Steve Terres
|
0-0: Ground out 5-3 (Groundball, 5, EV 87.5 MPH)
|
|
Batting: RHB Chris Arroyo
|
0-0: Foul Ball, location: 2F 0-1: SOLO HOME RUN (Line Drive, 78XD, EV 115.6 MPH), Distance : 455 ft
|
|
Pinch Hitting: SHB Ronnie Brooks
|
0-0: Ball 1-0: Ball 2-0: Foul Ball, location: 2F 2-1: Ball 3-1: Called Strike 3-2: Base on Balls
|
|
Batting: RHB Hidesuke Yoshida
|
0-0: 2-RUN HOME RUN (Flyball, 7D, EV 100.0 MPH), Distance : 378 ft
|
|
Batting: SHB Juan Ayala
|
0-0: SOLO HOME RUN (Flyball, 9D, EV 103.8 MPH), Distance : 401 ft
|
|
Batting: RHB Randy Bergman
|
0-0: Ball 1-0: Ball 2-0: Ball 3-0: Base on Balls
|
|
Batting: RHB Alex Arzate
|
0-0: Called Strike 0-1: 2-RUN HOME RUN (Flyball, 7D, EV 93.8 MPH), Distance : 384 ft
|
|
Batting: LHB Josh Aerni
|
0-0: Fly out, F7 (Flyball, 8LM, EV 91.2 MPH)
|
|
Batting: RHB Ricky Alvarado
|
0-0: Ground out 1-3 (Groundball, 13, EV 75.6 MPH)
|
| Top of the 9th over - 6 runs, 4 hits, 0 errors, 0 left on base; Bristol 30 - Chicago (APP) 3 |
| BOTTOM OF THE 9TH |
|
Chicago (APP) Cubs batting - Pitching for Bristol Pirates : RHP Randy Nelligan
|
|
Now in CF: Hidesuke Yoshida
|
|
|
Now in RF: Don Hauk
|
|
|
Batting: LHB Jose Mafano
|
0-0: Ball 1-0: Ball 2-0: Called Strike 2-1: Ball 3-1: Base on Balls
|
|
Pitching: RHP Otok Barleyfoot
|
|
|
Batting: RHB Juan Lira
|
0-0: Ball 1-0: Ball 2-0: Called Strike 2-1: Called Strike 2-2: Strikes out swinging
|
|
Batting: RHB Jorge Gonzalez
|
0-0: Swinging Strike Passed Ball! Jose Mafano to second 0-1: Swinging Strike 0-2: DOUBLE (Groundball, 5L, EV 107.5 MPH) Jose Mafano scores
|
|
Batting: SHB Jim Lloyd
|
0-0: DOUBLE (Line Drive, 9LD, EV 103.1 MPH) Jorge Gonzalez scores
|
|
Batting: RHB Lencho Otieno
|
0-0: Called Strike 0-1: Called Strike 0-2: Foul Ball, location: 2F 0-2: Ball 1-2: Ball 2-2: Ball 3-2: Strikes out swinging
|
|
Batting: RHB Mike Stein
|
0-0: Ball 1-0: Ground out 6-3 (Groundball, 6, EV 88.8 MPH)
|
| Bottom of the 9th over - 2 runs, 2 hits, 0 errors, 1 left on base; Bristol 30 - Chicago (APP) 5 |
|